 Dungeon Crawl Stone Soup version 0.20.1-1-g8b1a95d (webtiles) character file.

17306 Charly the Martial Artist (level 12, -1/93 HPs)
             Began as a Vine Stalker Assassin on July 24, 2017.
             Was an Elder of Ru.
             Killed from afar by an ice dragon (16 damage)
             ... with a blast of cold
             ... in an ice cave on July 25, 2017.
             The game lasted 01:01:40 (4490 turns).

Charly the Martial Artist (Vine Stalker Assassin)   Turns: 4490, Time: 01:01:40

Health: -1/93      AC: 26    Str: 17 (20) XL:     12   Next: 46%
Magic:  0/13       EV:  2    Int:  8 (11) God:    Ru [****..]
Gold:   64         SH:  0    Dex: 23 (24) Spells: 11/11 levels left

rFire    + . .     SeeInvis +     - Unarmed
rCold    + . .     Gourm    .   (no shield)
rNeg     + + +     Faith    .   (armour currently unavailable)
rPois    +         Spirit   +   (helmet currently unavailable)
rElec    +         Reflect  .   (cloak currently unavailable)
rCorr    +         Harm     .   (gloves currently unavailable)
MR       +....     NoTele   +   (boots currently unavailable)
Stlth    ++++......             f - amulet of magic regeneration
Regen    1.1/turn               C - ring of see invisible
MPRegen  0.2/turn               E - ring "Cujoreom" {rCorr Dex+5}

@: exhausted, tree-form, resistant, drained
A: regeneration 2, strong 2, evolution 1, magic shield, no potion heal 3, rot
immunity, inability to use devices, disrupted magic 1, unskilled 1
a: Draw Out Power, Power Leap, Renounce Religion


You were in an ice cave.
You worshipped Ru.
Ru was greatly pleased with you.
You were hungry.
You were a tree.
You visited 2 branches of the dungeon, and saw 15 of its levels.
You also visited: Ossuary and Ice Cave.

You collected 138 gold pieces.
You spent 74 gold pieces at shops.

Inventory:

Hand Weapons
 a - the +4 fustibalus of Iriacwau {velocity, +Inv Str+4}
   (You found it on level 9 of the Dungeon)

   Any stone fired from it inflicts extra damage.
   It affects your strength (+4).
   It lets you turn invisible.
 b - a +1 blowgun
Missiles
 v - a throwing net (quivered)
 x - a curare-tipped needle
Armour
 d - a +1 cloak (melded)
 o - a +0 pair of gloves (melded)
 r - a +0 pair of boots (melded)
 s - the +6 scale mail of Supple Strength (melded) {rCorr Dex+2 Stlth-}
   (You found it on level 5 of the Dungeon)

   It affects your dexterity (+2).
   It protects you from acid and corrosion.
   It makes you less stealthy.
Magical Staves
 A - an uncursed staff of earth
Jewellery
 f - an amulet of magic regeneration (around neck)
 t - an uncursed ring of teleportation
 C - a ring of see invisible (left branch)
 E - the ring "Cujoreom" (right branch) {rCorr Dex+5}
   (You found it on level 7 of the Dungeon)

   [ring of resist corrosion]

   It affects your dexterity (+5).
Scrolls
 h - 2 scrolls of remove curse
 m - 2 scrolls of enchant armour
 n - 2 scrolls of immolation
 w - a scroll of holy word
 B - 3 scrolls of fog
 G - a scroll of amnesia
Potions
 c - a potion of flight
 l - a potion of ambrosia
 q - 2 potions of magic
 u - 3 potions of curing
 z - 2 potions of brilliance
 D - a potion of lignification
Books
 e - a book of Cantrips

   Spells                             Type                      Level
   a - Confusing Touch                Hexes                        1
   b - Animate Skeleton               Necromancy                   1
   c - Summon Small Mammal            Summoning                    1
   d - Apportation                    Translocation                1
 k - a book of Air

   Spells                             Type                      Level
   a - Shock                          Conjuration/Air              1
   b - Swiftness                      Charms/Air                   2
   c - Static Discharge               Conjuration/Air              3
   d - Airstrike                      Air                          4
   e - Lightning Bolt                 Conjuration/Air              5
Comestibles
 g - 7 bread rations
 j - 5 meat rations


   Skills:
 + Level 6.7(6.3) Fighting
   Level 1.5(1.2) Short Blades
 - Level 1.5(1.2) Throwing
 + Level 5.8(5.4) Armour
 + Level 5.7(5.4) Dodging
 - Level 8.9(8.5) Stealth
 + Level 12.3(11.9) Unarmed Combat


You had 11 spell levels left.
You didn't know any spells.

Dungeon Overview and Level Annotations

Branches:
Dungeon (12/15)            Temple (0/1) D:4            Lair (3/6) D:9
  Swamp (0/4) Lair:3
  Snake: Lair:2-4    Spider: Lair:2-4       Orc: D:9-12

Altars:
Ashenzari
Elyvilon
Nemelex Xobeh
Ru
Uskayaw

Shops:
D:6 [   D:7 (   D:10 ??*(

Annotations:
D:3 Oddysee's ghost, amateur DsBe
D:4 Bohemond's ghost, novice DrIE
D:11 adept's ghost, journeyman GrBe; polve's ghost, journeyman VSFi


Innate Abilities, Weirdness & Mutations

((You have razor-sharp teeth.))
You heal very quickly.
When hurt, damage is shared between your health and your magic reserves.
((Your bite disrupts and absorbs the magic of your enemies.))
Potions cannot restore your health.
You are immune to rotting.
You cannot study or use magical devices.
Your casting is slightly disrupted.
You are somewhat unskilled. (-1 Apt)
Your muscles are very strong. (Str +4)
You evolve.


Message History

The ice dragon is moderately wounded.
You hit the ice dragon but do no damage.
The ice dragon is moderately wounded.
The ice dragon breathes frost at you. The blast of cold hits you! You resist.
* * * LOW HITPOINT WARNING * * *
The ice dragon bites you.
* * * LOW HITPOINT WARNING * * *
The ice dragon claws you.
* * * LOW HITPOINT WARNING * * *
The ice dragon tramples you but does no damage.
Unknown command.
Are you sure you want to abandon this character and quit the game? (Confirm with "yes".)
Okay, then.
Unknown command.
As you read the scroll of torment, it crumbles to dust.
You feel a surge of unholy energy.
The ice dragon convulses! x2
The ice dragon breathes frost at you. The blast of cold hits you! You resist.
You die...

#$=...#
#$...D.
#$.....
$....##
.D.§#
#§§# ##§#
##D§#
#♣D§#
#####.§#
##...#§##
#..#...#
##.##..#
#..#.##
###.###
##...#
##..###


You could see 2 ice dragons.

Vanquished Creatures
  2 two-headed ogres
  A queen ant (D:8)
  3 ugly things
  An orc sorcerer (D:10)
  Maurice (D:10)
  2 ice statues (IceCv)
  A spiny frog (Lair:2)
  A rime drake (IceCv)
  2 komodo dragons (Lair:3)
  A troll (D:10)
  A merfolk (D:10)
  A hornet (D:10)
  10 blink frogs
  4 hippogriffs
  3 wyverns
  9 yaks
  A hungry ghost (D:10)
  3 vampire mosquitoes (Lair:3)
  A steam dragon (D:11)
  4 water moccasins
  A porcupine (Lair:1)
  2 soldier ants (D:8)
  19 ice beasts
  2 sky beasts
  4 orc warriors
  A necrophage (D:9)
  2 centaurs (D:9)
  4 ogres
  3 wolves (Lair:1)
  5 crocodiles
  A big kobold (D:11)
  An elf skeleton (D:5)
  8 bullfrogs
  A wyvern skeleton (D:9)
  4 scorpions
  2 howler monkeys
  2 crimson imps
  3 bullfrog zombies
  A hound (D:9)
  A centaur zombie (D:12)
  A jelly (D:5)
  A bullfrog skeleton (D:5)
  2 orc priests
  4 orc wizards
  A human skeleton (D:5)
  2 iguanas
  Terence (D:3)
  11 worker ants
  4 mummies (Ossuary)
  A howler monkey zombie (D:8)
  A worker ant zombie (D:6)
  12 adders
  2 shadow imps
  11 white imps (Lair:3)
  An ooze (D:3)
  3 adder skeletons
  A worm (D:4)
  A leopard gecko (D:4)
  14 orcs
  3 giant cockroaches
  2 goblins
  A hobgoblin (D:3)
  4 jackals (D:2)
  8 kobolds
  2 quokkas
  2 ball pythons (D:3)
  A bat (D:3)
  A frilled lizard (D:1)
  A leopard gecko skeleton (D:9)
  An orc skeleton (D:5)
  An orc zombie (D:5)
  2 quokka skeletons
  3 rats
225 creatures vanquished.

Vanquished Creatures (others)
  A shadow (D:9)
  A white imp (Lair:3)
2 creatures vanquished.

Grand Total: 227 creatures vanquished

Notes
Turn   | Place    | Note
-------+----------+-------------------------------------------
     0 | D:1      | Charly the Vine Stalker Assassin began the quest for the Orb.
     0 | D:1      | Reached XP level 1. HP: 11/11 MP: 2/2
    23 | D:1      | Reached skill level 5 in Stealth
   101 | D:2      | Reached XP level 2. HP: 6/15 MP: 3/3
   181 | D:3      | Found a sparkling altar of Nemelex Xobeh.
   232 | D:3      | Noticed Oddysee's ghost (amateur DsBe)
   252 | D:3      | Found a sacrificial altar of Ru.
   252 | D:3      | Found a hide-covered altar of Uskayaw.
   255 | D:3      | Became a worshipper of Ru the Awakened
   326 | D:3      | Noticed Terence
   359 | D:3      | Killed Terence
   359 | D:3      | Reached XP level 3. HP: 14/18 MP: 4/4
   447 | D:4      | Gained mutation: Your natural rate of healing is unusually fast. [Vine Stalker growth]
   447 | D:4      | Reached XP level 4. HP: 23/23 MP: 5/5
   529 | D:4      | Got a jewelled war axe
   530 | D:4      | Identified the cursed +3 war axe of Harmony {flame, rN+ Int+4} (You found it on level 4 of the Dungeon)
   547 | D:5      | Entered Level 5 of the Dungeon
   557 | D:4      | Reached XP level 5. HP: 24/26 MP: 3/6
   564 | D:4      | Reached skill level 1 in Dodging
   578 | D:4      | Found a staircase to the Ecumenical Temple.
   619 | D:4      | Noticed Bohemond's ghost (novice DrIE)
   659 | D:6      | Noticed a sky beast
   677 | D:6      | Killed a sky beast
   677 | D:6      | Reached XP level 6. HP: 30/30 MP: 7/7
   715 | D:5      | Noticed an orc warrior
   749 | D:5      | Got an aquamarine-encrusted scale mail
   760 | D:5      | Identified the +6 scale mail of Supple Strength {rCorr Dex+2 Stlth-} (You found it on level 5 of the Dungeon)
   812 | D:5      | Reached skill level 1 in Unarmed Combat
   849 | D:5      | Reached skill level 2 in Unarmed Combat
   849 | D:5      | Reached XP level 7. HP: 28/35 MP: 8/8
   851 | D:5      | Found a sand-covered staircase.
   857 | Ossuary  | Entered an ossuary
   863 | Ossuary  | Reached skill level 3 in Unarmed Combat
   972 | D:5      | Gained mutation: You cannot study or use magical devices. [Ru sacrifice]
   972 | D:5      | Reached * piety under Ru
   972 | D:5      | Reached ** piety under Ru
  1131 | D:6      | Reached skill level 4 in Unarmed Combat
  1150 | D:6      | Reached skill level 1 in Armour
  1178 | D:6      | Found Wuowago's Armour Shoppe.
  1188 | D:6      | Gained mutation: You have razor-sharp teeth. [Vine Stalker growth]
  1188 | D:6      | Reached XP level 8. HP: 39/39 MP: 9/9
  1193 | D:6      | Reached skill level 5 in Unarmed Combat
  1215 | D:7      | Got a scorched copper ring
  1216 | D:7      | Identified the ring "Cujoreom" {rCorr Dex+5} (You found it on level 7 of the Dungeon)
  1245 | D:7      | Reached skill level 6 in Unarmed Combat
  1280 | D:7      | Found Zyev's Weapon Emporium.
  1313 | D:8      | Noticed a wyvern
  1322 | D:8      | Killed a wyvern
  1341 | D:8      | Noticed a two-headed ogre
  1590 | D:8      | Noticed a queen ant
  1596 | D:8      | Found a shattered altar of Ashenzari.
  1636 | D:8      | Killed a queen ant
  1636 | D:8      | Reached skill level 7 in Unarmed Combat
  1636 | D:8      | Reached XP level 9. HP: 42/45 MP: 10/10
  1689 | D:9      | Found a white marble altar of Elyvilon.
  1786 | D:9      | Found a staircase to the Lair.
  1794 | D:9      | Reached skill level 8 in Unarmed Combat
  1878 | D:9      | Gained mutation: Your casting is slightly disrupted. [Ru sacrifice]
  1878 | D:9      | Reached *** piety under Ru
  1964 | D:9      | Reached skill level 9 in Unarmed Combat
  2049 | D:9      | Noticed a cyan ugly thing
  2141 | D:8      | Reached skill level 10 in Unarmed Combat
  2191 | D:8      | Reached XP level 10. HP: 41/50 MP: 11/11
  2239 | D:8      | Noticed a two-headed ogre
  2334 | D:9      | Killed a cyan ugly thing
  2351 | D:9      | Got an ichor-stained fustibalus
  2411 | D:9      | Identified the +4 fustibalus of Iriacwau {velocity, +Inv Str+4} (You found it on level 9 of the Dungeon)
  2413 | D:10     | Entered Level 10 of the Dungeon
  2455 | D:10     | Found Tinydur's Magic Scroll Shoppe.
  2477 | D:10     | Bought a scroll of fog for 30 gold pieces
  2481 | D:10     | Noticed a two-headed ogre
  2563 | D:10     | Found Wyraog's Magic Scroll Boutique.
  2569 | D:10     | Reached skill level 5 in Fighting
  2574 | D:10     | Bought a scroll of identify for 22 gold pieces
  2574 | D:10     | Bought a scroll of identify for 22 gold pieces
  2655 | D:10     | Found Bivi's General Store.
  2667 | D:10     | Found Daug's Weapon Shoppe.
  2742 | D:11     | Noticed a cyclops
  2768 | D:10     | Noticed Maurice
  2788 | D:10     | Noticed an orc sorcerer
  2803 | D:10     | Killed Maurice
  2882 | Lair:1   | Entered Level 1 of the Lair of Beasts
  2948 | Lair:2   | Reached skill level 11 in Unarmed Combat
  3134 | Lair:2   | Noticed a spiny frog
  3138 | Lair:2   | Noticed a spiny frog
  3143 | Lair:2   | Killed a spiny frog
  3143 | Lair:2   | Reached XP level 11. HP: 35/56 MP: 8/12
  3217 | Lair:1   | Gained mutation: You are somewhat unskilled. (-1 Apt) [Ru sacrifice]
  3217 | Lair:1   | Reduced skill Fighting to level 5
  3217 | Lair:1   | Reduced skill Unarmed Combat to level 10
  3217 | Lair:1   | Reached **** piety under Ru
  3331 | D:10     | Killed a two-headed ogre
  3377 | D:10     | Noticed an orc sorcerer
  3412 | D:11     | Noticed a two-headed ogre
  3463 | D:11     | Noticed a cyclops
  3490 | D:12     | Gained mutation: You are partially covered in rugged brown scales. (AC +1, +3% HP) [mutagenic meat]
  3491 | D:12     | Gained mutation: You heal very quickly. [mutagenic meat]
  3492 | D:12     | Gained mutation: You occasionally shout uncontrollably at your foes. [mutagenic meat]
  3493 | D:12     | Gained mutation: You have a somewhat thin skeletal structure. (Dex +2, Stealth) [mutagenic meat]
  3494 | D:12     | Gained mutation: You are robust. (+10% HP) [mutagenic meat]
  3519 | D:12     | Noticed a wizard
  3519 | D:12     | Noticed a rakshasa
  3519 | D:12     | Noticed a skeletal warrior
  3520 | D:12     | Noticed a cyclops
  3522 | D:12     | Noticed a manticore
  3586 | D:11     | Noticed a two-headed ogre
  3626 | D:11     | Killed a two-headed ogre
  3675 | D:11     | Noticed adept's ghost (journeyman GrBe)
  3732 | D:10     | Reached skill level 11 in Unarmed Combat
  3750 | D:10     | Killed an orc sorcerer
  3814 | D:11     | Noticed a purple ugly thing
  3838 | D:10     | Reached skill level 5 in Armour
  3843 | D:11     | Noticed a cyan ugly thing
  3847 | D:11     | Killed a purple ugly thing
  3847 | D:11     | Reached skill level 5 in Dodging
  3857 | D:11     | Killed a cyan ugly thing
  3954 | D:11     | Noticed polve's ghost (journeyman VSFi)
  4099 | Lair:2   | Reached skill level 12 in Unarmed Combat
  4112 | Lair:2   | Mutation became permanent: Your natural rate of healing is unusually fast. [Vine Stalker growth]
  4112 | Lair:2   | Gained mutation: You heal very quickly. [Vine Stalker growth]
  4112 | Lair:2   | Reached XP level 12. HP: 50/68 MP: 11/13
  4161 | Lair:3   | Found a staircase to the Swamp.
  4255 | Lair:3   | Found a frozen archway.
  4318 | IceCv    | Entered an ice cave
  4470 | IceCv    | Noticed an ice dragon
  4470 | IceCv    | Noticed an ice dragon
  4484 | IceCv    | Lost mutation: You occasionally shout uncontrollably at your foes. [potion of mutation]
  4484 | IceCv    | Lost mutation: You are robust. (+10% HP) [potion of mutation]
  4484 | IceCv    | Lost mutation: You have a somewhat thin skeletal structure. (Dex +2, Stealth) [potion of mutation]
  4484 | IceCv    | Lost mutation: You are partially covered in rugged brown scales. (AC +1, +3% HP) [potion of mutation]
  4484 | IceCv    | Gained mutation: Your muscles are strong. (Str +2) [potion of mutation]
  4484 | IceCv    | Gained mutation: You evolve. [potion of mutation]
  4484 | IceCv    | Gained mutation: Your muscles are very strong. (Str +4) [potion of mutation]
  4490 | IceCv    | Killed from afar by an ice dragon

Skill      XL: |  1  2  3  4  5  6  7  8  9 10 11 |
---------------+----------------------------------+-----
Stealth        | 5 6 7 9 8 |  8.9
Dodging        | 1 3 4 5 |  5.7
Fighting       | 2 4 6 6 |  6.7
Unarmed Combat | 2 4 7 10 11 12 | 12.3
Armour         | 1 2 4 5 |  5.8
Short Blades   | |  1.5
Throwing       | |  1.5

Action                   |  1- 3 |  4- 6 |  7- 9 | 10-12 || total
-------------------------+-------+-------+-------+-------++-------
Melee: Dagger            |    53 |    14 |       |       ||    67
       Bite              |    16 |    19 |    79 |   257 ||   371
       War axe           |       |    50 |   164 |    36 ||   250
       Punch             |       |       |     8 |    43 ||    51
       Unarmed           |       |       |    19 |   496 ||   515
 Fire: Blowgun           |    14 |     4 |    12 |     8 ||    38
Throw: Throwing net      |       |       |     3 |       ||     3
Invok: Sacrifice Artific |       |       |     1 |       ||     1
       Draw Out Power    |       |       |     1 |     1 ||     2
       Sacrifice Essence |       |       |     1 |       ||     1
       Power Leap        |       |       |       |     6 ||     6
       Sacrifice Skill   |       |       |       |     1 ||     1
       Reject Sacrifices |       |       |       |     1 ||     1
  Use: Scroll            |       |     1 |     9 |    11 ||    21
       Potion            |       |       |     3 |     5 ||     8
 Stab: Sleeping          |     6 |    10 |     6 |     7 ||    29
       Distracted        |       |       |     1 |     3 ||     4
       Invisible         |       |       |       |    13 ||    13
       Paralysed         |       |       |       |     2 ||     2
  Eat: Royal jelly       |       |       |     2 |       ||     2
       Fruit             |       |       |     1 |       ||     1
       Chunk             |       |       |       |     9 ||     9
       Meat ration       |       |       |       |     1 ||     1
Armor: Robe              |    12 |     9 |       |       ||    21
       Scale mail        |       |    16 |   125 |   196 ||   337
       Skin              |       |       |       |    11 ||    11
Dodge: Dodged            |    26 |    25 |   111 |   284 ||   446
